 Dungeon Crawl Stone Soup version 0.20-a0-1116-gaa52201 (webtiles) character file.

93463 Kurtz the Cleaver (level 15, 0/103 HPs)
             Began as a Mummy Abyssal Knight on May 7, 2017.
             Was a High Priest of Lugonu.
             Killed from afar by a manticore (2 damage)
             ... with a volley of spikes
             ... on level 14 of the Dungeon on May 8, 2017.
             The game lasted 01:40:46 (58950 turns).

Kurtz the Cleaver (Mummy Abyssal Knight)           Turns: 58950, Time: 01:40:47

Health: 0/103      AC: 22    Str: 21    XL:     15   Next: 60%
Magic:  21/21      EV: 14    Int: 12    God:    Lugonu [*****.]
Gold:   510        SH:  0    Dex: 18    Spells: 11/14 levels left

rFire    + . .     SeeInvis +   E - +8 great mace of Etzeuss {speed, rF+ rC+ MR- SInv, ITS DRIPPING IN ESTUS}
rCold    + + .     Gourm    .   (shield currently unavailable)
rNeg     + + +     Faith    +   y - +1 plate armour {rF+}
rPois    ∞         Spirit   .   X - +2 helmet
rElec    .         Reflect  .   r - +0 cloak
rCorr    .         Harm     .   Y - +2 pair of gloves {Dex+3}
MR       .....                  i - +0 pair of boots
Stlth    ..........             e - amulet of faith
Regen    0.3/turn               A - +3 ring of strength
MPRegen  0.2/turn               j - +4 ring of evasion

@: about to teleport, barbed spikes, very slightly contaminated
A: no food or potions, fire vulnerability, cold resistance 1, negative energy
resistance 3, torment resistance, unbreathing, in touch with death 1
a: Depart the Abyss, Bend Space, Banish, Corrupt, Enter the Abyss, Renounce
Religion


You were on level 14 of the Dungeon.
You worshipped Lugonu.
Lugonu was extremely pleased with you.
You were not hungry.

You visited 3 branches of the dungeon, and saw 23 of its levels.
You visited the Abyss 1 time.
You also visited: Labyrinth, Ice Cave and Volcano.

You collected 2737 gold pieces.
You spent 2227 gold pieces at shops.

Inventory:

Hand Weapons
 B - a +2 great mace of flaming
 E - the +8 great mace of Etzeuss (weapon) {speed, rF+ rC+ MR- SInv, ITS DRIPPING IN ESTUS}
   (You found it in an ice cave)

   Attacks with this weapon are significantly faster.
   It protects you from fire.
   It protects you from cold.
   It affects your resistance to hostile enchantments.
   It lets you see invisible.
Missiles
 h - 36 tomahawks (quivered)
 C - 59 poisoned needles
 M - 2 javelins
Armour
 d - a +2 plate armour of cold resistance
 i - a +0 pair of boots (worn)
 r - a +0 cloak (worn)
 y - a +1 plate armour of fire resistance (worn)
 X - a +2 helmet (worn)
 Y - a +2 pair of gloves of dexterity (worn)
Jewellery
 e - an amulet of faith (around neck)
 j - a +4 ring of evasion (right hand)
 m - an uncursed amulet of guardian spirit
 x - an uncursed ring of fire
 A - a +3 ring of strength (left hand)
 F - a +3 ring of evasion {ring of kharn}
Wands
 f - a wand of flame (9/48)
 g - a wand of scattershot (4/9)
 l - a wand of paralysis (0/24)
 p - a wand of polymorph (0/24)
 q - a wand of clouds (4/9)
 u - a wand of iceblast (2/15)
 w - a wand of digging (8/24)
 D - a wand of disintegration (11/24)
 I - a wand of enslavement (4/24)
 N - a wand of flame (6/48)
 S - a wand of enslavement (11/24)
 W - a wand of digging (15/24)
Scrolls
 a - 2 scrolls of vulnerability
 b - 3 scrolls of teleportation
 c - 4 scrolls of fog
 k - 11 scrolls of remove curse
 v - a scroll of recharging
 G - 2 scrolls of fear
 P - 2 scrolls of identify
 T - a scroll of silence
Miscellaneous
 o - a sack of spiders
 s - a phial of floods
 z - a lightning rod (4/4)
 Q - a lamp of fire (inert)


   Skills:
 - Level 5.4 Fighting
   Level 14.2(16.2) Axes
 + Level 13.4(15.8) Maces & Flails
 - Level 1.0 Throwing
 + Level 5.0 Armour
 * Level 6.4 Dodging
   Level 4.0 Shields
 * Level 9.3 Invocations
 * Level 3.3 Evocations


You had 11 spell levels left.
You knew the following spells:

 Your Spells              Type           Power        Failure   Level  Hunger
a - Conjure Flame         Conj/Fire      #.......     100%        3    N/A

Dungeon Overview and Level Annotations

Branches:
Dungeon (15/15)            Temple (0/1) D:5            Lair (6/6) D:10
 Shoals (0/4) Lair:3        Snake (0/4) Lair:4        Slime (0/5) Lair:6
    Orc (2/2) D:12            Elf (0/3) Orc:2
 Vaults: D:13-14     Depths: D:15

Altars:
Ashenzari
Cheibriados
Dithmenos
Fedhas
Gozag
Kikubaaqudgha
Makhleb
Qazlal
Ru
Sif Muna
Uskayaw
Wu Jian
Xom
Yredelemnul
Zin
Beogh
Jiyva

Shops:
D:5 }   D:15 =   Orc:2 [(}!

Annotations:
D:10 exclusion: upstairs
D:12 2 runed doors
Lair:6 exclusion: door


Innate Abilities, Weirdness & Mutations

You do not eat or drink.
Your flesh is vulnerable to fire.
You are immune to poison.
Your flesh is cold resistant. (rC+)
You are immune to negative energy. (rN+++)
You are immune to unholy pain and torment.
You can survive without breathing.
You are in touch with the powers of death.


Message History

You assume a fearsome visage.
The quasit is unaffected. x3
The ice devil is unaffected.
The deep elf knight easily resists.
The kobold demonologist looks frightened!
The big kobold looks frightened! x2
The quasit bites you but does no damage.
The quasit claws you but does no damage.
The quasit closely misses you.
A manticore comes into view.
As you read the scroll of teleportation, it crumbles to dust.
You feel strangely unstable. The quasit barely misses you.
The quasit claws you but does no damage. x2
The quasit barely misses you. The quasit closely misses you.
The quasit claws you but does no damage.
The manticore flicks its tail.
The volley of spikes hits you!
A kobold comes into view. It is wielding a short sword.
The manticore flicks its tail.
The volley of spikes hits you!
The barbed spikes become lodged in your body.
You die...

....(....................
#####..K.....####..#####.
#...##K..# #..# #.
######.4.##.H.# #..#####.
#.......(##...####........
#.....e...................
#...........K.............
#.....5.55..........###...
#########@.######...# #...
#..# #...# #.>.
#########..# #...# #...
#..........# #.........
############ ######


You could see a manticore, a deep elf knight, an ice devil, 2 big kobolds, 3
quasits and a kobold.

Vanquished Creatures
  An orc warlord (Orc:2)
  The ghost of Likado the Fighter, a journeyman DrWr of Nemelex Xobeh (Lair:4)
  An ettin (Orc:2)
  A minotaur (Lab)
  A yaktaur captain (D:14)
  A fire dragon (Lair:6)
  Erolcha (D:11)
  Fannar (D:11)
  A hydra (D:13)
  An ice dragon (Lair:6)
  3 centaur warriors
  12 two-headed ogres
  An orc high priest (Orc:2)
  Nergalle (Lair:1)
  4 unseen horrors
  A swamp dragon (Lair:6)
  A flayed ghost (D:13)
  An orange crystal statue (D:12)
  2 lindwurms (Lair:6)
  3 orc sorcerers
  An ugly thing (D:11)
  3 orc knights
  A shining eye (Lair:6)
  12 elephants
  4 cyclopes
  4 slime creatures (D:12)
  5 black mambas
  An ice statue (IceCv)
  3 gargoyles
  6 torpor snails
  20 spiny frogs
  Psyche (D:11)
  4 rime drakes (Lair:6)
  A kobold demonologist (D:13)
  8 komodo dragons
  A tengu conjurer (D:14)
  4 trolls
  16 polar bears
  2 meliai (D:13)
  3 blink frogs (Lair:4)
  Prince Ribbit (D:8)
  7 hornets (Lair:6)
  2 tyrant leeches (Lair:6)
  14 hippogriffs
  3 spriggans
  4 shadows
  2 vampires
  2 wraiths
  3 wyverns
  6 basilisks
  53 yaks
  3 steam dragons
  3 vampire mosquitoes (D:13)
  8 hungry ghosts
  3 wargs
  4 nagas
  3 acid dragons (Lair:6)
  7 porcupines
  8 water moccasins
  30 orc warriors
  2 black bears
  2 eyes of draining
  2 ice beasts
  A hornet zombie (D:8)
  4 necrophages
  6 sky beasts
  4 phantoms
  11 wolves
  11 ogres
  22 centaurs
  26 crocodiles
  15 bullfrogs
  A wyvern skeleton (D:7)
  A water moccasin skeleton (D:4)
  6 scorpions
  25 killer bees
  10 wights
  An electric eel (Lair:2)
  4 howler monkeys
  10 crimson imps
  5 bullfrog zombies
  4 quasits
  8 hounds
  3 human zombies (D:8)
  2 bullfrog skeletons
  2 centaur skeletons
  25 orc priests
  7 jellies
  34 orc wizards
  Jessica (D:3)
  Natasha (thrice) (D:2)
  7 iguanas
  11 worker ants
  2 ogre zombies (D:8)
  5 hound skeletons
  7 gnolls
  A worker ant zombie (D:9)
  21 adders
  7 shadow imps
  12 white imps (Lair:3)
  An ooze (D:3)
  An adder zombie (D:7)
  3 adder skeletons
  4 worms
  2 dart slugs
  7 leopard geckos
  96 orcs
  5 bats
  12 giant cockroaches
  8 goblins
  10 hobgoblins
  7 jackals
  15 kobolds
  4 quokkas
  2 ball pythons
  4 frilled lizards
  A leopard gecko skeleton (D:4)
  3 orc zombies (D:8)
  A quokka skeleton (D:7)
  8 rats
  2 fungi (Lair:2)
  3 plants
  3 toadstools (D:1)
838 creatures vanquished.

Vanquished Creatures (collateral kills)
  A wolf (IceCv)
1 creature vanquished.

Vanquished Creatures (others)
  A white draconian (IceCv)
  The ghost of Omnyx the Fighter, a journeyman MiBe of Trog (D:14)
  An ettin (Orc:2)
  The ghost of sargx the Carver, a journeyman OpBe of Trog (Lair:2)
  4 hydras
  An ogre mage (Volcano)
  A hell knight (Volcano)
  An orc knight (D:14)
  A manticore (D:13)
  An ugly thing (D:11)
  The ghost of avis the Destroyer, a novice OpCj of Vehumet (D:6)
  A cyclops (D:12)
  A rime drake (Lair:1)
  The ghost of ragingrage the Chopper, an amateur FoCK of Xom (D:3)
  A tyrant leech (Lair:6)
  A polar bear (IceCv)
  A meliai (D:12)
  A raiju (shapeshifter) (D:15)
  A yak (IceCv)
  3 wolves (IceCv)
  An acid dragon (D:15)
  A porcupine (Lair:1)
  A hornet zombie (D:8)
  A centaur (D:7)
  12 fungi
  29 plants
  A toadstool (D:1)
71 creatures vanquished.

Grand Total: 910 creatures vanquished

Notes
Turn   | Place    | Note
-------+----------+-------------------------------------------
     0 | Abyss:1  | Kurtz the Mummy Abyssal Knight began the quest for the Orb.
     0 | Abyss:1  | Reached XP level 1. HP: 18/18 MP: 2/2
     0 | Abyss:1  | Found a corrupted altar of Lugonu.
    35 | D:1      | Escaped the Abyss
   213 | D:1      | Reached skill level 2 in Axes
   214 | D:1      | Reached XP level 2. HP: 24/24 MP: 3/3
  1034 | D:2      | Reached XP level 3. HP: 23/29 MP: 4/4
  1325 | D:2      | Reached ** piety under Lugonu
  1333 | D:2      | Noticed a water elemental
  1335 | D:2      | Found a stormy altar of Qazlal.
  1336 | D:2      | Noticed an air elemental
  1336 | D:2      | Noticed an earth elemental
  1336 | D:2      | Noticed a fire elemental
  1379 | D:2      | Reached skill level 1 in Shields
  1526 | D:2      | Reached XP level 4. HP: 17/35 MP: 5/5
  1734 | D:2      | Reached skill level 3 in Axes
  1909 | D:2      | Found a sacrificial altar of Ru.
  2338 | D:2      | Noticed Natasha
  2361 | D:2      | Killed Natasha
  2361 | D:2      | Reached XP level 5. HP: 8/41 MP: 6/6
  2749 | D:2      | Noticed Natasha
  2765 | D:2      | Killed Natasha
  2837 | D:2      | Noticed Natasha
  2940 | D:3      | Noticed ragingrage's ghost (amateur FoCK)
  3254 | D:2      | Killed Natasha
  3413 | D:3      | HP: 1/41 [ragingrage's ghost (4)]
  3940 | D:3      | Reached skill level 4 in Axes
  3949 | D:3      | Reached XP level 6. HP: 22/47 MP: 8/8
  4120 | D:3      | Found a basalt altar of Yredelemnul.
  4287 | D:4      | Found a blossoming altar of Fedhas.
  4528 | D:4      | Reached *** piety under Lugonu
  4942 | D:4      | Found a shimmering altar of Xom.
  4954 | D:4      | Found a burning altar of Makhleb.
  5219 | D:5      | Entered Level 5 of the Dungeon
  5599 | D:5      | Reached skill level 5 in Axes
  5725 | D:5      | Noticed a water moccasin
  5754 | D:5      | Killed a water moccasin
  5754 | D:5      | Reached XP level 7. HP: 13/52 MP: 9/9
  6886 | D:5      | Found a staircase to the Ecumenical Temple.
  6894 | D:5      | Found Ris Paq's Gadget Shoppe.
  6904 | D:5      | Bought a wand of iceblast (11/15) for 195 gold pieces
  7470 | D:3      | Banished ragingrage's ghost
  7785 | D:3      | Noticed Jessica
  7787 | D:3      | Killed Jessica
  7787 | D:3      | Reached skill level 6 in Axes
  8103 | D:6      | Found a glowing silver altar of Zin.
  8105 | D:6      | Found a glowing silver altar of Zin.
  8105 | D:6      | Found a shattered altar of Ashenzari.
  8107 | D:6      | Found a shimmering altar of Xom.
  8107 | D:6      | Found an ancient bone altar of Kikubaaqudgha.
  8107 | D:6      | Found a shadowy altar of Dithmenos.
  8165 | D:6      | Found an opulent altar of Gozag.
  8314 | D:6      | Reached XP level 8. HP: 33/58 MP: 10/10
  8743 | D:6      | Noticed avis's ghost (novice OpCj)
  8745 | D:6      | Banished avis's ghost
  8745 | D:6      | Reached skill level 7 in Axes
  8821 | D:6      | Found a deep blue altar of Sif Muna.
 10289 | D:7      | Reached skill level 8 in Axes
 10987 | D:7      | Reached XP level 9. HP: 40/63 MP: 12/12
 12020 | D:8      | Learned a level 3 spell: Conjure Flame
 12648 | D:8      | Reached skill level 9 in Axes
 13866 | D:8      | Noticed Prince Ribbit
 13958 | D:9      | Reached skill level 1 in Dodging
 14487 | D:8      | Reached skill level 10 in Axes
 14525 | D:8      | Found an ancient bone altar of Kikubaaqudgha.
 14907 | D:8      | Reached XP level 10. HP: 42/70 MP: 13/13
 15293 | D:8      | Reached skill level 5 in Invocations
 16633 | D:9      | Reached **** piety under Lugonu
 16883 | D:9      | Reached skill level 11 in Axes
 16892 | D:9      | Noticed a two-headed ogre
 16901 | D:9      | Killed a two-headed ogre
 18299 | D:8      | Killed Prince Ribbit
 18714 | D:9      | Found a shattered altar of Ashenzari.
 18769 | D:9      | Found a hide-covered altar of Uskayaw.
 18771 | D:9      | Found a snail-covered altar of Cheibriados.
 18844 | D:10     | Entered Level 10 of the Dungeon
 19193 | D:9      | Noticed a two-headed ogre
 19199 | D:9      | Killed a two-headed ogre
 20037 | D:10     | Reached XP level 11. HP: 78/78 MP: 15/15
 20038 | D:10     | Noticed a two-headed ogre
 20065 | D:10     | Killed a two-headed ogre
 20326 | D:10     | Found a staircase to the Lair.
 20578 | D:9      | Reached skill level 12 in Axes
 20907 | D:10     | Noticed a two-headed ogre
 20917 | D:10     | Killed a two-headed ogre
 23293 | D:5      | Reached skill level 5 in Fighting
 27071 | D:12     | HP: 1/79 [something (8)]
 27252 | D:11     | Noticed a brown ugly thing
 27261 | D:11     | Banished a brown ugly thing
 27434 | Lair:1   | Entered Level 1 of the Lair of Beasts
 27969 | Lair:1   | Noticed Nergalle
 28404 | Lair:1   | Noticed an eight-headed hydra
 28406 | Lair:1   | Banished an eight-headed hydra
 28547 | Lair:1   | Found an ornate altar of the Wu Jian Council.
 28584 | Lair:1   | Killed Nergalle
 29623 | D:12     | Reached skill level 13 in Axes
 29687 | D:11     | Killed an unseen horror
 29687 | D:11     | Reached XP level 12. HP: 68/86 MP: 17/17
 30344 | Lair:2   | Noticed a seven-headed hydra
 30440 | Lair:2   | Found a labyrinth entrance.
 30448 | Lab      | Entered a labyrinth
 30599 | Lab      | Noticed a minotaur
 30604 | Lab      | Killed a minotaur
 30718 | Lab      | Identified the Compendium of Creative Moulding
 30781 | Lair:2   | Banished a seven-headed hydra
 31298 | Lair:2   | Noticed sargx's ghost (journeyman OpBe)
 31311 | Lair:2   | Banished sargx's ghost
 31311 | Lair:2   | Reached skill level 5 in Dodging
 32702 | Lair:2   | Noticed a six-headed hydra
 32702 | Lair:2   | Banished a six-headed hydra
 33255 | Lair:3   | Found a frozen archway.
 33261 | IceCv    | Entered an ice cave
 34260 | IceCv    | Reached skill level 14 in Axes
 34814 | IceCv    | Reached skill level 1 in Throwing
 35102 | IceCv    | Noticed a white draconian
 35127 | IceCv    | Gained mutation: You are in touch with the powers of death. [Mummy growth]
 35127 | IceCv    | Reached XP level 13. HP: 81/92 MP: 19/19
 35138 | IceCv    | Banished a white draconian
 35208 | IceCv    | Got a faintly glowing great mace
 35209 | IceCv    | Identified the +8 great mace of Etzeuss {speed, rF+ rC+ MR- SInv} (You found it in an ice cave)
 35571 | Lair:3   | Found a staircase to the Shoals.
 35576 | Lair:3   | Reached skill level 1 in Maces & Flails
 38367 | D:12     | Found a staircase to the Orcish Mines.
 38572 | D:12     | Reached skill level 5 in Maces & Flails
 38951 | D:11     | Noticed Fannar
 38988 | D:11     | Killed Fannar
 39729 | D:11     | Noticed Erolcha
 39739 | D:11     | Killed Erolcha
 39959 | D:11     | Noticed Psyche
 39965 | D:11     | Killed Psyche
 40032 | D:11     | Reached ***** piety under Lugonu
 41304 | Lair:4   | Noticed Likado's ghost (journeyman DrWr)
 41541 | Lair:4   | Found a staircase to the Snake Pit.
 42928 | Lair:5   | Reached XP level 14. HP: 92/98 MP: 20/20
 43305 | Lair:6   | Entered Level 6 of the Lair of Beasts
 43406 | Lair:6   | Found a dark tunnel.
 43412 | Volcano  | Entered a volcano
 43429 | Volcano  | Paralysed by an ogre mage for 6 turns
 43437 | Volcano  | Found a burning altar of Makhleb.
 44086 | Lair:4   | Reached skill level 10 in Maces & Flails
 44847 | Lair:4   | Killed Likado's ghost
 46348 | Lair:6   | Found a runed door.
 47408 | Lair:6   | Found a viscous altar of Jiyva.
 47409 | Lair:6   | Found a staircase to the Slime Pits.
 47621 | Lair:6   | Reached skill level 1 in Evocations
 49060 | D:12     | Found a runed door.
 49148 | D:12     | Found a runed door.
 49266 | D:12     | Found a runed door.
 49288 | D:12     | Found a runed door.
 49487 | D:13     | Reached ****** piety under Lugonu
 50578 | D:13     | Reached XP level 15. HP: 94/103 MP: 21/21
 52646 | D:14     | Noticed Omnyx's ghost (journeyman MiBe)
 52652 | D:14     | Banished Omnyx's ghost
 53706 | Orc:1    | Entered Level 1 of the Orcish Mines
 53954 | Orc:1    | Paralysed by an orc sorcerer for 6 turns
 54321 | Orc:2    | Entered Level 2 of the Orcish Mines
 54588 | Orc:1    | Found a roughly hewn altar of Beogh.
 54953 | Orc:2    | Found a staircase to the Elven Halls.
 55154 | Orc:2    | Found a roughly hewn altar of Beogh.
 55165 | Orc:2    | Found Vied's Gadget Shop.
 55260 | Orc:2    | Bought a sack of spiders for 220 gold pieces
 55263 | Orc:2    | Bought a phial of floods for 440 gold pieces
 55317 | Orc:2    | Found a roughly hewn altar of Beogh.
 55349 | Orc:2    | Found a roughly hewn altar of Beogh.
 55490 | Orc:2    | Found a roughly hewn altar of Beogh.
 55499 | Orc:2    | Found Onaefasi's Distillery.
 55599 | Orc:2    | Found a roughly hewn altar of Beogh.
 56229 | Orc:2    | Noticed an orc warlord
 56317 | Orc:2    | Killed an orc warlord
 56591 | Orc:2    | Found a roughly hewn altar of Beogh.
 56591 | Orc:2    | Found Lafuifukh's Antique Armour Shoppe.
 56702 | Orc:2    | Found Bekuac's Antique Weapon Emporium.
 56762 | Orc:2    | Found a roughly hewn altar of Beogh.
 56805 | Orc:2    | Found a roughly hewn altar of Beogh.
 57083 | D:5      | Bought a wand of clouds (4/9) for 312 gold pieces
 57083 | D:5      | Bought a lightning rod (4/4) for 520 gold pieces
 58785 | D:15     | Entered Level 15 of the Dungeon
 58785 | D:15     | Found Kogimid's Jewellery Boutique.
 58794 | D:15     | Reached skill level 5 in Armour
 58836 | D:15     | Bought a +4 ring of evasion for 540 gold pieces
 58946 | D:14     | HP: 1/103 [deep elf knight/stone arrow (15)]
 58950 | D:14     | Killed from afar by a manticore

Vault maps used:
D:1:      ldierk_water_garden, minmay_misc_feat_plants, chequers_big_river
D:2:      minmay_roachtagon, nicolae_qazlal_style_of_elements,
          lemuel_crystal_altar, first_bread, uniq_natasha
D:3:      lemuel_round_altar, minmay_misc_feat_alley, uniq_jessica
D:4:      grunt_temple_overflow_champion_of_chaos, fedhas_altar_1
D:5:      minmay_temple_entry_enclosed_plants, serial_shops,
          nicolae_shop_waterfront, grunt_ministairs_9, minivault_27
D:6:      nicolae_gozag_seed_capital, lemuel_doored_altar, doesnt_xom_only_xom
D:8:      lemuel_mausoleum_altar_kikubaaqudgha, the_bakery, nicolae_sextant,
          uniq_prince_ribbit1
D:9:      nicolae_overflow_hidden_temple
D:10:     grunt_lair_entry_orc_guard_hut
D:11:     minivault_11, uniq_psyche, uniq_erolcha, uniq_fannar
D:12:     david_orc_1_choice, minmay_statue_crystal_thing
D:14:     minmay_diamond_stairs, grunt_vaults_entry_fortified, roderic_lattice_a
D:15:     hangedman_depths_entry_civil_slaughter, minmay_misc_feat_iff,
          serial_shops, nicolae_shop_trees
Lair:1:   wad_woods_tower, basic_altar, uniq_nergalle
Lair:2:   lab_entry_generic, serial_bayou_shore_a
Lair:3:   shoals_dummy_entry, portal_ice_cave_entry_imps, lemuel_fruit_fields
Lair:4:   minmay_snake_entry_guardpost_medium, infiniplex_staircase_pool,
          grunt_megastairs_1
Lair:6:   guppyfry_lair_end_dragon, wormcave, slime_altar_1, enter_volcano_2,
          serial_bayou_pond_e, minmay_stone_trees_medium, lemuel_fruit_tree
Orc:1:    basic_altar
Orc:2:    grunt_orc_community_town_hall, grunt_orc_community_big_house_2,
          grunt_orc_community_big_house_2, grunt_orc_community_house_3,
          grunt_orc_community_house_1, grunt_orc_community_house_1,
          grunt_orc_community_house_3, grunt_orc_community_house_1,
          grunt_orc_community_house_2
Lab:      labyrinth_green, nicolae_lab_starburst, lab_hedge,
          labyrinth_skeletal_remains, nicolae_lab_blocks, labyrinth_lava_lair,
          nicolae_lab_flowing_pool
IceCv:    ice_cave_small_giant
Volcano:  kennysheep_volcano_temple

Skill      XL: |  1  2  3  4  5  6  7  8  9 10 11 12 13 14 15 |
---------------+----------------------------------------------+-----
Axes           | 2 3 4 5 6 8 10 11 13 14 | 14.2
Invocations    | 2 3 4 5 6 8 9 |  9.3
Shields        | 1 2 3 4 |  4.0
Dodging        | 1 3 4 5 6 |  6.4
Fighting       | 4 5 |  5.4
Armour         | 2 4 5 |  5.0
Throwing       | 1 |  1.0
Maces & Flails | 9 12 13 | 13.4
Evocations     | 2 3 |  3.3

Action                   |  1- 3 |  4- 6 |  7- 9 | 10-12 | 13-15 || total
-------------------------+-------+-------+-------+-------+-------++-------
Melee: Hand axe          |   102 |   365 |   779 |       |       ||  1246
       War axe           |       |       |   102 |    71 |       ||   173
       Battleaxe         |       |       |       |   920 |    15 ||   935
       Great mace        |       |       |       |       |  1598 ||  1598
Throw: Tomahawk          |       |     6 |     7 |     2 |     4 ||    19
       Javelin           |       |       |     3 |    16 |    20 ||    39
       Throwing net      |       |       |       |     1 |     2 ||     3
Invok: Banish            |       |       |     4 |    10 |    18 ||    32
       Bend Space        |       |       |       |     1 |       ||     1
Evoke: Wand              |       |       |     9 |    23 |    40 ||    72
       Lamp of fire      |       |       |       |     2 |     4 ||     6
       Phantom mirror    |       |       |       |       |     2 ||     2
  Use: Scroll            |       |       |     7 |    14 |    16 ||    37
 Stab: Invisible         |       |     2 |       |       |       ||     2
       Held in net/web   |       |       |       |     1 |       ||     1
       Distracted        |       |       |       |     1 |       ||     1
       Paralysed         |       |       |       |       |     3 ||     3
Armor: Ring mail         |    33 |    78 |    42 |       |       ||   153
       Leather armour    |     1 |       |       |       |       ||     1
       Scale mail        |       |       |    47 |       |       ||    47
       Plate armour      |       |       |   247 |   800 |   712 ||  1759
Dodge: Dodged            |    43 |   232 |   291 |   529 |   711 ||  1806
Block: Buckler           |    19 |   103 |   248 |    20 |       ||   390
